 Dungeon Crawl Stone Soup version 0.31-a0-844-gdc52ec4e09 (webtiles) character file.

Game seed: 10904386908848571879

5 Bravepunisher the Ducker (level 1, 0/11 HPs)
             Began as a Spriggan Monk on Sept 29, 2023.
             Slain by an orc
             ... wielding a +0 hand axe
              (4 damage)
             ... on level 4 of the Dungeon.
             The game lasted 00:01:17 (368 turns).

Bravepunisher the Ducker (Spriggan Monk)             Turns: 368, Time: 00:01:17

Health: 0/11       AC:  2    Str:  7    XL:     1   Next: 66%
Magic:  2/2        EV: 18    Int: 11    God:
Gold:   9          SH:  0    Dex: 17    Spells: 0/0 levels left

rFire   . . .        a - +0 short sword
rCold   . . .        (no shield)
rNeg    . . .        b - +0 robe
rPois   .            (helmet restricted)
rElec   .            (no cloak)
rCorr   .            (gloves unavailable)
SInv    +            (boots unavailable)
Will    .....        (no amulet)
Stlth   ++           (no ring)
HPRegen 0.21/turn    (no ring)
MPRegen 0.08/turn

%: no passive effects
@: very quick
A: very small, no large weapons, unfitting armour, see invisible, speed 3
a: no special abilities


You were on level 4 of the Dungeon.
You visited 1 branch of the dungeon, and saw 5 of its levels.

You collected 9 gold pieces.

Inventory:

Hand Weapons
 a - a +0 short sword (weapon)
Missiles
 f - a throwing net
Armour
 b - a +0 robe (worn)
Scrolls
 e - a scroll of identify {unknown}
 h - a scroll of teleportation {unknown}
Potions
 c - a potion of ambrosia
 d - 2 potions of might {unknown}
 g - a potion of lignification {unknown}
 i - a potion of attraction {unknown}


   Skills:
 * Level 2.6 Fighting
 - Level 3.2 Short Blades
 + Level 4.1 Dodging


You couldn't memorise any spells.
You didn't know any spells.
Your spell library was empty.

Dungeon Overview and Level Annotations

Branches:
Dungeon (5/15)
 Temple: D:4-7

Altars:


Innate Abilities, Weirdness & Mutations

You are very small and have problems with some larger weapons.
You are too small for most types of armour.
You have supernaturally acute eyesight. (SInv)
You cover ground extremely quickly. (Speed+++)


Message History

a +0 club; a goblin corpse
There is a stone staircase leading down here.
You climb downwards.
Found a dagger.
There is a stone staircase leading up here.
A hobgoblin comes into view.
Found a bubbling ruby potion.
Found a stone staircase leading down.
The hobgoblin shouts!
There is a stone staircase leading down here.
You climb downwards.
Found a scroll labelled UCVEBA PUZAU.
There is a stone staircase leading up here.
You climb upwards.
The hobgoblin misses you. The hobgoblin barely misses you.
There is a stone staircase leading down here.
You barely miss the hobgoblin. The hobgoblin hits you.
You barely miss the hobgoblin.
The hobgoblin hits you but does no damage.
You hit the hobgoblin but do no damage. You hit the hobgoblin.
You kill the hobgoblin!
HP restored.
g - a purple potion
h - a scroll labelled CIXKEIWUMP
i - a bubbling ruby potion
Found a stone staircase leading down.
Found a stone staircase leading up.
An orc comes into view. It is wielding a +0 hand axe.
The orc shouts!
You hear a shout!
There is a stone staircase leading down here.
You hit the orc but do no damage. The orc closely misses you.
You hit the orc.
The orc is moderately wounded.
The orc hits you with a +0 hand axe.
You closely miss the orc.
The orc is moderately wounded.
The orc hits you with a +0 hand axe.
You closely miss the orc.
The orc is moderately wounded.
The orc hits you with a +0 hand axe.
You die...

#.. ... # #.# ##### ..
#.# ..).. ... #.# .....
.... #.# .#### .....##.#
. ......o@# #.#
<$.....##.# #.#
.#.#+#.##.# #.#
..$.......# #.#
#.......## #.#
#........####.#
#.....#....##.#
####.####...#.##########
..? #...#...........


You could see an orc.

Vanquished Creatures
  2 endoplasms (D:3)
  A goblin (D:3)
  A hobgoblin (D:4)
4 creatures vanquished.

Notes
Turn   | Place    | Note
-------+----------+-------------------------------------------
     0 | D:1      | Bravepunisher the Spriggan Monk began the quest for the
                  | Orb.
     0 | D:1      | Reached XP level 1. HP: 11/11 MP: 2/2
     0 | D:1      | Noticed an orb of fire
     0 | D:1      | Noticed an orb of fire
     7 | D:1      | Noticed a large abomination
     9 | D:1      | Noticed a large abomination
     9 | D:1      | Noticed a tentacled monstrosity
    11 | D:1      | Noticed a large abomination
    14 | D:1      | Noticed a shadow dragon
    15 | D:1      | Noticed an iron dragon
    17 | D:1      | Noticed a tentacled monstrosity
    17 | D:1      | Noticed a large abomination
    19 | D:1      | Noticed a tentacled monstrosity
    21 | D:1      | Noticed an orb of fire
    21 | D:1      | Noticed a purple draconian
    21 | D:1      | Noticed a golden dragon
    23 | D:1      | Noticed a shadow dragon
    23 | D:1      | Noticed an ice dragon
    23 | D:1      | Noticed an iron dragon
    25 | D:1      | Noticed an ice dragon
    27 | D:1      | Noticed a black draconian
   310 | D:5      | Entered Level 5 of the Dungeon
   310 | D:5      | Noticed a centaur
   368 | D:4      | Slain by an orc

Illustrated notes

Levels and vault maps discovered:
D:1:      shiori_arrival_whats_in_store_for_you, layout_loops_corners,
          hellmonk_ecumenical_altar_blasted, kennysheep_small_spiral,
          supply_closet_lemuel
D:2:      layout_loops_cross, chequers_decorated_corner,
          kennysheep_generic_room_11
D:3:      layout_loops_corners, uniq_sigmund
D:4:      layout_basic, minmay_misc_feat_cross, serial_bayou_lagoon_a,
          uniq_eustachio, uniq_robin
D:5:      layout_basic, nicolae_ru_path_of_blood, chequers_serial_rivers_large_b

Action                     || total
---------------------------++-------
  Melee: Short sword       ||    18
 Armour: Robe              ||     7
  Dodge: Dodged            ||    11

Table legend: (Time is in decaauts)
 A = Elapsed time spent in this place.
 B = Non-inter-level travel time spent in this place.
 C = Inter-level travel time spent in this place.
 D = Time resting spent in this place.
 E = Time spent auto-exploring this place.
 F = Levels seen in this place.
 G = Mean time per level.
                   A        B        C        D        E       F      G
               +--------+--------+--------+--------+--------+-----+--------+
         Total |    244 |    240 |      4 |      0 |     86 |   5 |   48.8 |
       Dungeon |    244 |    240 |      4 |      0 |     86 |   5 |   48.8 |
               +--------+--------+--------+--------+--------+-----+--------+

Top non-repeatable levels by time:
     D:3: 127 daAuts
     D:4: 67 daAuts
     D:1: 33 daAuts
     D:2: 15 daAuts
     D:5: 1 daAuts
